 Dungeon Crawl Stone Soup version 0.13.0-29-gdb529de (webtiles) character file.

45 M4edhros the Sneak (level 2, -1/19 HPs)
             Began as an Octopode Artificer on Nov 12, 2013.
             Slain by a worm (9 damage)
             ... on Level 2 of the Dungeon.
             The game lasted 00:00:45 (644 turns).

M4edhros the Sneak (Octopode Artificer)              Turns: 644, Time: 00:00:46

HP  -1/19        AC  1     Str 10      XL: 2   Next: 37%
MP   3/3         EV 12     Int 14      God:
Gold 32          SH  0     Dex 12      Spells:  0 memorised,  1 level left

Res.Fire  : . . .   See Invis. : .   a - +0 short sword
Res.Cold  : . . .   Warding    : .   (no shield)
Life Prot.: . . .   Conserve   : .   (helmet restricted)
Res.Poison: .       Res.Corr.  : .   (no amulet)
Res.Elec. : .       Clarity    : .   (no ring)
Sust.Abil.: . .     Spirit.Shd : .   (no ring)
Res.Mut.  : .       Stasis     : .   (no ring)
Res.Rott. : .       Flight     : .   (no ring)
Saprovore : . . .                    (no ring)
                                     (no ring)
                                     (no ring)
                                     (no ring)

@: not resistant to hostile enchantments, quite stealthy
A: almost no armour, amphibious, 8 rings, constrict 8, camouflage 1, AC +1
a: no special abilities


You were on level 2 of the Dungeon.
You were not hungry.

You visited 1 branch of the dungeon, and saw 2 of its levels.

You collected 12 gold pieces.

Inventory:

Hand weapons
 a - a +0,+0 short sword (weapon)
Magical devices
 b - a wand of flame (13)
 c - a wand of enslavement (14)
 d - a wand of random effects (15)
Comestibles
 f - a bread ration
 g - a meat ration
 i - a chunk of bat flesh
Scrolls
 e - 2 scrolls of teleportation {unknown}
Potions
 h - a potion of restore abilities {unknown}


   Skills:
 - Level 1.0 Fighting
 - Level 1.0 Short Blades
 - Level 2.0 Dodging
 + Level 3.4 Stealth
 - Level 3.2 Evocations


You had one spell level left.
You didn't know any spells.

Dungeon Overview and Level Annotations

Branches:
Dungeon (2/27)

Altars:


Innate Abilities, Weirdness & Mutations

You cannot wear most types of armour.
You are amphibious.
You can wear up to eight rings at the same time.
You can use your tentacles to constrict many enemies at once.
Your skin changes colour to match your surroundings (Stlth).
Your rubbery body absorbs attacks (AC +1).


Message History

A ball python, a worm and a goblin come into view.
Found a scroll labeled KIHEPNIMNI, a bread ration and 23 stones.
There is a stone staircase leading up here.
There are monsters nearby!
There are monsters nearby!
There are monsters nearby!
The helpless worm fails to defend itself.
You slash the worm! You grab the worm. You squeeze the worm, but do no damage.
The worm is moderately wounded.
You constrict the worm. The worm bites you.
You hit the worm.
The worm is heavily wounded.
You constrict the worm. The worm bites you.
You hit the worm.
The worm is severely wounded.
You constrict the worm. You hit the worm.
The worm is almost dead.
You constrict the worm. The worm bites you!
You die...

.. .##.#######
...........
#..........#
#..?.......#
#...S......#
###..g.%..w..#
.........@...#
##..........#
#..........#
#...<.....(#
##.##.###### #
#.# #.# #.#
...


You could see a worm, a goblin and a ball python.

Vanquished Creatures
  A giant gecko (D:1)
  An ooze (D:1)
  2 bats (D:1)
  A hobgoblin (D:1)
  A kobold (D:1)
  A giant newt (D:1)
  3 goblins (D:1)
  A rat (D:1)
11 creatures vanquished.

Vanquished Creatures (others)
  A ghoul (D:1)
  A spriggan (D:1)
  An octopode (D:1)
  2 draconians (D:1)
  2 felids (D:1)
  An ogre (D:1)
  4 orcs (D:1)
  3 kobolds (D:1)
  7 tentacles (D:1)
  6 tentacle segments (D:1)
28 creatures vanquished.

Grand Total: 39 creatures vanquished

Notes
Turn   | Place    | Note
--------------------------------------------------------------
     0 | D:1      | M4edhros, the Octopode Artificer, began the quest for the Orb.
     0 | D:1      | Reached XP level 1. HP: 14/14 MP: 1/1
     2 | D:1      | Noticed an octopode
     2 | D:1      | Noticed a ghoul
     2 | D:1      | Noticed a spriggan
     2 | D:1      | Noticed a draconian
     2 | D:1      | Noticed a felid
     2 | D:1      | Noticed a draconian
     2 | D:1      | Noticed a felid
     2 | D:1      | Noticed a kraken
     2 | D:1      | Noticed an ogre
     3 | D:1      | Killed a felid
     3 | D:1      | Killed a felid
     6 | D:1      | Killed an ogre
     7 | D:1      | Killed a spriggan
     7 | D:1      | Killed an octopode
     8 | D:1      | Killed a ghoul
    14 | D:1      | Killed a draconian
    14 | D:1      | Killed a draconian
   266 | D:1      | Reached XP level 2. HP: 4/19 MP: 3/3
   644 | D:2      | Slain by a worm

Action                   || total
-------------------------++-------
Melee: Short sword       ||    27
Evoke: Wand              ||     3
  Use: Potion            ||     1
 Stab: Sleeping          ||     4
